 Dungeon Crawl Stone Soup version 0.17.1-2-g5865329 (webtiles) character file.

176 WBL1 the Conjurer (level 5, -13/31 HPs)
             Began as an Octopode Conjurer on Jan 23, 2016.
             Mangled by an orc warrior
             ... wielding a +0 halberd
              (24 damage)
             ... on level 4 of the Dungeon.
             The game lasted 00:12:38 (2355 turns).

WBL1 the Conjurer (Octopode Conjurer)               Turns: 2355, Time: 00:12:38

Health: -13/31     AC:  1    Str:  7    XL:     5   Next: 56%
Magic:  3/8        EV:  7    Int: 19    God:
Gold:   5          SH:  0    Dex: 12    Spells: 2 memorised, 2 levels left

rFire  . . .     SeeInvis .     p - +0 falchion
rCold  . . .     Clarity  .     (no shield)
rNeg   . . .     SustAt   .     (helmet restricted)
rPois  .         Gourm    .     (no amulet)
rElec  .         Spirit   .     (no ring)
rCorr  .         Warding  .     (no ring)
rMut   .         Stasis   .     (no ring)
MR     .....                    (no ring)
Stlth  +++.......               (no ring)
                                (no ring)
                                (no ring)
                                (no ring)

@: not resistant to hostile enchantments, fairly stealthy
A: almost no armour, amphibious, 8 rings, constrict 8, camouflage 1, gelatinous
body 1
a: no special abilities


You were on level 4 of the Dungeon.
You were very hungry.

You visited 1 branch of the dungeon, and saw 4 of its levels.

You collected 77 gold pieces.
You spent 72 gold pieces at shops.

Inventory:

Hand Weapons
 p - a +0 falchion (weapon)
Missiles
 i - 40 poisoned needles
Scrolls
 c - a scroll of identify
 e - 2 scrolls of remove curse {unknown}
 f - 2 scrolls of teleportation {unknown}
 j - a scroll of magic mapping {unknown}
 m - a scroll of enchant weapon {unknown}
Potions
 g - a potion of brilliance {unknown}
Books
 a - a book of Conjurations

   Spells                             Type                      Level
   a - Magic Dart                     Conjuration                  1
   b - Searing Ray                    Conjuration                  2
   c - Dazzling Spray                 Conjuration/Hexes            3
   d - Fulminant Prism                Conjuration/Hexes            4
   e - Iskenderun's Mystic Blast      Conjuration                  4
   f - Iskenderun's Battlesphere      Conjuration/Charms           5
Comestibles
 b - 4 bread rations
 d - a meat ration
 h - 2 chunks of flesh
 k - 4 fruits
 n - a royal jelly


   Skills:
 - Level 2.0 Dodging
 - Level 2.6 Stealth
 - Level 2.0 Spellcasting
 - Level 6.3 Conjurations
 + Level 1.7 Charms


You had 2 spell levels left.
You knew the following spells:

 Your Spells              Type           Power        Failure   Level  Hunger
a - Magic Dart            Conj           ####         1%          1    #......
b - Iskenderun's Battles  Conj/Chrm      ###.....     85%         5    ######.


Dungeon Overview and Level Annotations

Branches:
Dungeon (4/15)
 Temple: D:4-7

Altars:

Shops:
D:4 *

Annotations:
D:2 exclusion: worm
D:3 exclusion: worker ant, Natasha
D:4 exclusions: iguana, phantom and 1 more exclusion, Kiel97's ghost, amateur MiBe


Innate Abilities, Weirdness & Mutations

You cannot wear most types of armour.
You are amphibious.
You can wear up to eight rings at the same time.
You can use your tentacles to constrict eight enemies at once.
Your skin changes colour to match your surroundings (Stealth).
Your rubbery body absorbs attacks (AC +1).


Message History

The orc warrior is moderately wounded.
Casting: Magic Dart
Confirm with . or Enter, or press ? or * to list all spells.
Aiming: Magic Dart
Press: ? - help, Shift-Dir - straight line, f/p - orc warrior
Aim: an orc warrior, wielding a halberd and wearing a plate armour (moderately wounded)
The magic dart hits the orc warrior.
The orc warrior is moderately wounded.
Casting: Magic Dart
Confirm with . or Enter, or press ? or * to list all spells.
Aiming: Magic Dart
Press: ? - help, Shift-Dir - straight line, f/p - orc warrior
Aim: an orc warrior, wielding a halberd and wearing a plate armour (moderately wounded)
The magic dart hits the orc warrior.
The orc warrior is moderately wounded.
The orc warrior hits you from afar with a halberd!!
Ouch! That really hurt!
The orc warrior hits you from afar with a halberd!!
Ouch! That really hurt!
You die...

####### ##.....###
##........## #### ###
##..........## #..###..
#..........@.### #...#...
##.............###
###......
#..........o....###......#.
#........##..........######
## ##......####....(#####
.### #....######...###
...######.### ##....#####
##....##### ##...#.....#
####....#####.........##


You could see an orc warrior.

Vanquished Creatures
  A scorpion (D:4)
  A giant frog skeleton (D:4)
  2 worker ants
  An adder (D:4)
  2 worms (D:4)
  A giant gecko (D:2)
  An orc (D:4)
  2 bats (D:3)
  3 hobgoblins (D:3)
  4 jackals
  2 quokkas
  A ball python (D:3)
  2 giant newts
  4 goblins
  A kobold (D:2)
  A quokka skeleton (D:4)
  3 rats
32 creatures vanquished.

Notes
Turn   | Place    | Note
--------------------------------------------------------------
     0 | D:1      | WBL1 the Octopode Conjurer began the quest for the Orb.
     0 | D:1      | Reached XP level 1. HP: 11/11 MP: 3/3
   129 | D:1      | Reached XP level 2. HP: 12/17 MP: 1/5
   662 | D:3      | Noticed Natasha
  1078 | D:4      | Reached XP level 3. HP: 21/21 MP: 2/6
  1124 | D:4      | Noticed an orc warrior
  1180 | D:4      | Found Xupamasu's General Store.
  1185 | D:4      | Bought 3 scrolls of identify for 72 gold pieces
  1329 | D:4      | Reached skill level 5 in Conjurations
  1436 | D:4      | Noticed Kiel97's ghost (amateur MiBe)
  1544 | D:4      | Noticed a scorpion
  1560 | D:3      | Reached XP level 4. HP: 9/27 MP: 2/7
  1865 | D:4      | Noticed a phantom
  2011 | D:4      | Killed a scorpion
  2011 | D:4      | Reached skill level 6 in Conjurations
  2011 | D:4      | Reached XP level 5. HP: 22/31 MP: 0/8
  2018 | D:4      | Learned a level 5 spell: Iskenderun's Battlesphere
  2241 | D:4      | Reached skill level 1 in Charms
  2355 | D:4      | Mangled by an orc warrior

Action                   |  1- 3 |  4- 6 || total
-------------------------+-------+-------++-------
Melee: Whip              |     7 |       ||     7
       Falchion          |     7 |     8 ||    15
 Cast: Magic Dart        |    47 |    29 ||    76
  Use: Scroll            |     3 |       ||     3
       Potion            |     1 |       ||     1
  Eat: Chunk             |     2 |     2 ||     4
